 Dungeon Crawl Stone Soup version 0.27-a0-1548-gf8a67e7463 (webtiles) character file.

Game seed: 14406363825965337045

7685 tilp the Summoner (level 11, -12/83 HPs)
             Began as a Barachi Summoner on July 13, 2021.
             Was a High Priest of Okawaru.
             Mangled by a komodo dragon (22 damage)
             ... on level 1 of the Lair of Beasts.
             The game lasted 00:27:18 (15555 turns).

tilp the Summoner (Barachi Summoner)               Turns: 15555, Time: 00:27:19

Health: -12/83     AC: 13    Str: 14    XL:     11   Next: 19%
Magic:  9/20       EV: 12    Int: 24    God:    Okawaru [*****.]
Gold:   153        SH:  5    Dex: 12    Spells: 4/22 levels left

rFire    . . .     SeeInvis .   a - +4 spear (vamp)
rCold    . . .     Faith    .   G - +0 buckler
rNeg     . . .     Spirit   .   n - +0 ring mail
rPois    .         Reflect  .   K - +0 helmet
rElec    .         Harm     .   L - +0 cloak of the Bells {Will+ Int+3}
rCorr    .         Rampage  .   h - +0 pair of gloves
Will     +....                  (no boots)
Stlth    ++........             (no amulet)
HPRegen  0.23/turn              i - +6 ring of intelligence
MPRegen  0.17/turn              l - +4 ring of protection

@: slow
A: amphibious, slowness 1, strong legs 1, +LOS
a: Hop, Renounce Religion, Heroism, Finesse


You were on level 1 of the Lair of Beasts.
You worshipped Okawaru.
Okawaru was extremely pleased with you.
You visited 2 branches of the dungeon, and saw 12 of its levels.

You collected 527 gold pieces.
You spent 374 gold pieces at shops.

Inventory:

Hand Weapons
 a - a +4 vampiric spear (weapon)
 b - a +5 dagger of venom
 p - a +0 broad axe of distortion
 q - a +0 trident
 v - a +0 morningstar
 y - a +4 scimitar
 F - a +2 halberd
Missiles
 k - 60 poisoned darts (quivered)
 B - 5 curare-tipped darts
Armour
 h - a +0 pair of gloves (worn)
 n - a +0 ring mail (worn)
 x - +0 acid dragon scales
 G - a +0 buckler (worn)
 K - a +0 helmet (worn)
 L - the +0 cloak of the Bells (worn) {Will+ Int+3}
   (You bought it in a shop on level 9 of the Dungeon)

   Int:       It affects your intelligence (+3).
   Will:      It increases your willpower.
Jewellery
 i - a +6 ring of intelligence (left hand)
 l - a +4 ring of protection (right hand)
Wands
 c - a wand of flame (44)
 A - a wand of paralysis (16)
 C - a wand of acid (8)
 H - a wand of mindburst (12)
 I - a wand of iceblast (7)
Scrolls
 r - a scroll of acquirement {unknown}
 s - a scroll of teleportation
 z - a scroll of brand weapon
 D - 2 scrolls of blinking
 E - 2 scrolls of enchant weapon
Potions
 d - a potion of attraction
 e - 3 potions of mutation
 f - a potion of might
 g - 2 potions of magic
 j - 4 potions of curing
 m - a potion of berserk rage
 o - 2 potions of lignification
 t - 3 potions of flight
 u - a potion of heal wounds {unknown}
 w - 2 potions of resistance
 J - a potion of haste {unknown}


   Skills:
 + Level 6.8 Fighting
 + Level 3.0 Armour
 + Level 5.0 Dodging
 - Level 4.0 Stealth
 - Level 4.0 Shields
 - Level 6.0 Spellcasting
 - Level 12.0 Summonings
 - Level 4.0 Air Magic
 + Level 6.5 Invocations
 - Level 4.0 Evocations


You had 4 spell levels left.
You knew the following spells:

 Your Spells              Type           Power      Damage    Failure   Level
a - Shadow Creatures      Summ           N/A        N/A       17%         6
b - Call Imp              Summ           59%        N/A       1%          2
c - Call Canine Familiar  Summ           59%        N/A       1%          3
d - Summon Guardian Gole  Hex/Summ       36%        N/A       4%          3
e - Summon Lightning Spi  Summ/Air       45%        N/A       6%          4

Your spell library contained the following spells:

 Spells                   Type           Power      Damage    Failure   Level
 Summon Small Mammal      Summ           100%       N/A       1%          1
 Swiftness                Air            26%        N/A       9%          3
 Apportation              Tloc           14%        N/A       16%         1
 Beastly Appendage        Tmut           14%        N/A       16%         1
 Sandblast                Erth           14%        2d6       16%         1
 Blink                    Tloc           N/A        N/A       24%         2
 Passwall                 Tmut/Erth      5%         N/A       24%         2
 Slow                     Hex            7%         N/A       24%         2
 Wereblood                Tmut           7%         N/A       24%         2
 Confusing Touch          Hex            7%         N/A       43%         3
 Lesser Beckoning         Tloc           3%         N/A       43%         3
 Spider Form              Tmut/Pois      3%         N/A       43%         3
 Vampiric Draining        Necr           3%         2d6       43%         3
 Summon Forest            Summ/Tloc      18%        N/A       36%         5
 Summon Mana Viper        Hex/Summ       36%        N/A       36%         5
 Alistair's Intoxication  Tmut/Pois      4%         N/A       99%         5
 Lee's Rapid Deconstruct  Erth           3%         3d6*      99%         5
 Manifold Assault         Tloc           7%         N/A       99%         5
 Invisibility             Hex            3%         N/A       100%        6


Dungeon Overview and Level Annotations

Branches:
Dungeon (11/15)            Temple (0/1) D:7            Lair (1/6) D:9
    Orc (0/2) D:9

Altars:
Ashenzari
Cheibriados
Dithmenos
Elyvilon
Gozag
Kikubaaqudgha
Makhleb
Okawaru
Sif Muna
Trog
Wu Jian
Xom
Yredelemnul
The Shining One

Shops:
D:2 :   D:5 :   D:9 [

Annotations:
D:6 exclusions: manticore, scorpion and water moccasin
D:10 exclusion: boulder beetle


Innate Abilities, Weirdness & Mutations

You are amphibious.
You cover ground slowly.
You can hop short distances.
You have an extended range of vision and can be seen from far away.


Message History

Your warg barely misses the blink frog.
The komodo dragon barely misses you.
Unknown command.
Casting: Call Imp (safe; 1% risk of failure)
Confirm with . or Enter, or press ? or * to list all spells.
A beastly little devil appears in a puff of flame.
The blink frog closely misses your crimson imp.
The blink frog hits your lightning spire but does no damage.
Your warg bites the blink frog.
The komodo dragon bites you!!
Your crimson imp hits the komodo dragon.
Casting: Call Imp (safe; 1% risk of failure)
Confirm with . or Enter, or press ? or * to list all spells.
A beastly little devil appears in a puff of frigid air.
The blink frog hits your crimson imp!
The blink frog blinks!
The blink frog hits your lightning spire!
The blink frog blinks!
The komodo dragon bites you!!
Your crimson imp hits the komodo dragon but does no damage.
You are too injured to fight recklessly!
Unknown command.
You are too injured to fight recklessly!
Unknown command.
You hit the komodo dragon but do no damage.
The komodo dragon is lightly wounded.
The blink frog barely misses your crimson imp.
Your lightning spire shoots out a bolt of lightning at the komodo dragon!
The bolt of electricity hits the komodo dragon! x2
The bolt of electricity hits your lightning spire.
Your lightning spire completely resists.
Your warg bites the komodo dragon!
The blink frog closely misses your crimson imp.
Your crimson imp barely misses the komodo dragon.
The komodo dragon bites you!!
* * * LOW HITPOINT WARNING * * *
You hit the komodo dragon but do no damage.
The komodo dragon is severely wounded.
The blink frog misses your crimson imp.
Your warg bites the komodo dragon but does no damage.
The blink frog hits your crimson imp!
Your crimson imp dies!
The komodo dragon bites you!!
You die...

# . ##. # P+
#..####.## ...
##+PP#..#.## ....
...........## .....
............#...F..
..........FF.F.....
.........8l#
........5h@# #
######+5### # #
#.†## .## ##.## ..#
######..#
#.####......##
.....##+#.##.#
....#........#
.....#.......+


You could see a komodo dragon (ally target), 2 blink frogs, a friendly warg
(summoned), a friendly lightning spire (summoned), a friendly crimson imp
(summoned) and a friendly white imp (summoned).

Vanquished Creatures
  Maggie (D:6)
  A wraith (D:10)
  A wyvern (D:9)
  7 yaks
  3 vampire mosquitoes (D:10)
  A water moccasin (D:6)
  A necrophage (D:5)
  3 centaurs
  A phantom (D:5)
  A water moccasin skeleton (D:5)
  5 killer bees
  A howler monkey (D:9)
  A centaur zombie (D:10)
  4 hounds
  A jelly (D:4)
  2 orc priests
  An iguana (D:4)
  2 orc wizards
  A scorpion zombie (D:5)
  5 adders
  2 gnolls (D:4)
  A white imp (D:7)
  4 worms
  A dart slug (D:1)
  25 orcs
  3 bats
  5 endoplasms
  5 giant cockroaches
  9 goblins
  4 hobgoblins
  5 jackals
  3 quokkas
  8 ball pythons
  5 frilled lizards
  4 kobolds
  4 rats
131 creatures vanquished.

Vanquished Creatures (collateral kills)
  A komodo dragon (D:9)
  A troll (D:9)
  A blink frog (Lair:1)
  A shadow (D:7)
  A vampire (D:10)
  10 yaks
  A wraith (D:10)
  A water moccasin (D:7)
  An orc warrior (D:9)
  A sky beast (D:7)
  A black bear (D:6)
  An ogre (D:6)
  A necrophage (D:5)
  3 centaurs
  A scorpion (D:7)
  A wyvern skeleton (D:7)
  2 killer bees (D:10)
  7 wights
  4 centaur zombies
  3 hounds
  An orc priest (D:10)
  Jessica (D:3)
  2 iguanas
  4 orc wizards
  A howler monkey zombie (D:10)
  A gnoll (D:4)
  2 adders
  A white imp (D:7)
  A worm (D:4)
  A dart slug (D:1)
  18 orcs
  A bat (D:1)
  2 endoplasms
  A goblin (D:1)
  A hobgoblin (D:1)
  5 jackals
  A quokka (D:1)
  5 ball pythons
  3 kobolds
  3 rats (D:1)
98 creatures vanquished.

Vanquished Creatures (others)
  A meliai zombie (D:10)
  14 yaks
  A wraith (D:9)
  A vampire mosquito (D:10)
  3 orc warriors
  2 wights (D:8)
  An adder (D:3)
  2 orcs
  A ball python (D:3)
  A kobold (D:3)
  A frilled lizard (D:3)
  14 fungi
  14 plants
56 creatures vanquished.

Grand Total: 285 creatures vanquished

Notes
Turn   | Place    | Note
-------+----------+-------------------------------------------
     0 | D:1      | tilp the Barachi Summoner began the quest for the Orb.
     0 | D:1      | Reached XP level 1. HP: 13/13 MP: 3/3
   239 | D:1      | Reached skill level 1 in Fighting
   651 | D:1      | Reached XP level 2. HP: 22/22 MP: 0/5
   727 | D:1      | Learned a level 2 spell: Call Imp
  1062 | D:1      | Found a faded altar of an unknown god.
  1082 | D:1      | Reached skill level 5 in Summonings
  1107 | D:1      | Reached XP level 3. HP: 23/27 MP: 6/6
  1264 | D:1      | Learned a level 3 spell: Call Canine Familiar
  1900 | D:2      | Found Xifurayg's Book Emporium.
  2098 | D:3      | Found an ornate altar of the Wu Jian Council.
  2119 | D:3      | Reached XP level 4. HP: 23/33 MP: 8/8
  2408 | D:3      | Found a shimmering altar of Xom.
  2521 | D:3      | Noticed Jessica
  2537 | D:3      | Killed Jessica
  2538 | D:3      | Reached skill level 6 in Summonings
  2655 | D:3      | Reached XP level 5. HP: 5/39 MP: 5/9
  3563 | D:3      | Learned a level 3 spell: Summon Guardian Golem
  4152 | D:4      | Found a white marble altar of Elyvilon.
  4155 | D:4      | Found an opulent altar of Gozag.
  4163 | D:4      | Reached XP level 6. HP: 27/47 MP: 10/10
  4333 | D:4      | Found a glowing golden altar of the Shining One.
  4700 | D:4      | Identified the +1 plate armour of Darkness {Will+}
  4865 | D:4      | Found a shadowy altar of Dithmenos.
  5220 | D:4      | Found an iron altar of Okawaru.
  5442 | D:4      | Became a worshipper of Warmaster Okawaru
  5471 | D:5      | Entered Level 5 of the Dungeon
  5646 | D:5      | Reached skill level 1 in Invocations
  5646 | D:5      | Reached XP level 7. HP: 45/54 MP: 11/11
  5878 | D:5      | Found Mulydd's Book Shoppe.
  6176 | D:5      | Found a bloodstained altar of Trog.
  6414 | D:5      | Reached * piety under Okawaru
  6755 | D:6      | Noticed Maggie
  6787 | D:6      | Killed Maggie
  6788 | D:6      | Reached skill level 7 in Summonings
  6788 | D:6      | Reached XP level 8. HP: 30/60 MP: 3/14
  6945 | D:6      | Noticed a manticore
  6978 | D:6      | Reached ** piety under Okawaru
  7252 | D:6      | Reached skill level 8 in Summonings
  7271 | D:6      | Found an ancient bone altar of Kikubaaqudgha.
  7285 | D:6      | Reached skill level 1 in Evocations
  7295 | D:6      | Found a snail-covered altar of Cheibriados.
  8060 | D:7      | Found a staircase to the Ecumenical Temple.
  8715 | D:7      | Found a broken altar of Ashenzari.
  8756 | D:7      | Learned a level 4 spell: Summon Lightning Spire
  8866 | D:7      | Noticed a shadow
  8884 | D:7      | Killed a shadow
  8958 | D:7      | Reached XP level 9. HP: 62/67 MP: 11/15
  9124 | D:8      | Reached skill level 5 in Fighting
  9579 | D:8      | Reached skill level 5 in Invocations
  9593 | D:8      | Reached *** piety under Okawaru
 10051 | D:8      | You fall into a shaft and drop 2 floors!
 10051 | D:10     | Entered Level 10 of the Dungeon
 10868 | D:8      | Found a basalt altar of Yredelemnul.
 10869 | D:8      | Found a shimmering blue altar of Sif Muna.
 11099 | D:8      | Found a burning altar of Makhleb.
 11144 | D:8      | Reached skill level 1 in Air Magic
 11154 | D:8      | Reached **** piety under Okawaru
 11521 | D:8      | Reached skill level 5 in Spellcasting
 11521 | D:8      | Reached XP level 10. HP: 76/76 MP: 1/17
 11643 | D:8      | Learned a level 6 spell: Shadow Creatures
 11933 | D:9      | Reached skill level 9 in Summonings
 12471 | D:9      | Found a staircase to the Lair.
 12648 | D:9      | Found Netofadgh's Armour Shop.
 12709 | D:9      | Reached ***** piety under Okawaru
 12710 | D:9      | Reached skill level 10 in Summonings
 12925 | D:9      | Received a gift from Okawaru
 13262 | D:9      | Reached skill level 11 in Summonings
 13362 | D:9      | Found a staircase to the Orcish Mines.
 13535 | D:10     | Reached skill level 12 in Summonings
 13695 | D:10     | Reached skill level 1 in Armour
 13708 | D:10     | Received a gift from Okawaru
 13713 | D:10     | Reached XP level 11. HP: 31/81 MP: 15/20
 14666 | D:10     | Noticed a boulder beetle
 15194 | D:9      | Bought the +0 cloak of the Bells {Will+ Int+3} for 374 gold
                  | pieces
 15225 | D:11     | Noticed a two-headed ogre
 15270 | D:11     | Noticed a boulder beetle
 15415 | D:11     | Noticed a two-headed ogre
 15479 | Lair:1   | Entered Level 1 of the Lair of Beasts
 15547 | Lair:1   | Reached skill level 5 in Dodging
 15555 | Lair:1   | Mangled by a komodo dragon

Illustrated notes

Levels and vault maps discovered:
D:1:      shiori_arrival_maze, layout_basic, shapermc_ecumenical_altar_venn
D:2:      layout_loops_ring, serial_shops, nicolae_shop_waterfront
D:3:      layout_loops_corners, lemuel_round_altar, xom_confusion_cloud,
          serial_park_tiny_2, minmay_misc_feat_enclosed,
          hangedman_feature_mirror, guppyfry_early_lair_pool, uniq_jessica
D:4:      minmay_recursive_quarters, layout_loops_ring,
          okawaru_ov_weapons_minmay, grunt_dithmenos_smoke_and_mirrors,
          grunt_temple_overflow_diamond
D:5:      layout_loops_ring, mainiacjoe_overflow_brackets, serial_shops,
          nicolae_shop_window_shopping
D:6:      hangedman_cross_stitches, layout_basic,
          mainiacjoe_overflow_catch_the_wave, uniq_maggie
D:7:      layout_gridville, kennysheep_little_box, temple_green
D:8:      layout_layer_cave, nicolae_overflow_hidden_temple, chequers_garden
D:9:      layout_basic, david_lair_shrubbed, orc_0_dummy, serial_shops,
          nicolae_diamond_shop
D:10:     minmay_the_grid_octo_2x2 [minmay_the_grid_octo_concentric,
          minmay_the_grid_octo_tetromino_candy,
          minmay_the_grid_octo_fat_diamond,
          minmay_the_grid_octo_prize_single_spiral], layout_irregular_city,
          item_on_display_a
D:11:     layout_irregular_city
Lair:1:   layout_roguey, grunt_megastairs_1, infiniplex_staircase_pool_2

Skill      XL: |  1  2  3  4  5  6  7  8  9 10 11 |
---------------+----------------------------------+-----
Fighting       | 2 3 4 6 |  6.8
Summonings     | 5 6 7 8 12 | 12.0
Spellcasting   | 3 4 5 6 |  6.0
Stealth        | 2 4 |  4.0
Dodging        | 3 4 5 |  5.0
Invocations    | 1 4 6 |  6.5
Evocations     | 4 |  4.0
Shields        | 4 |  4.0
Air Magic      | 3 4 |  4.0
Armour         | 1 3 |  3.0

Action                   |  1- 3 |  4- 6 |  7- 9 | 10-12 || total
-------------------------+-------+-------+-------+-------++-------
Melee: Unarmed           |    24 |       |       |       ||    24
       Whip              |     3 |       |       |       ||     3
       Dagger            |    70 |   171 |    16 |       ||   257
       Spear             |       |       |   151 |   172 ||   323
Throw: Dart              |       |       |     1 |     1 ||     2
 Cast: Summon Small Mamm |    23 |       |     2 |       ||    25
       Call Imp          |     4 |    12 |    57 |    21 ||    94
       Call Canine Famil |       |    13 |    34 |    25 ||    72
       Summon Guardian G |       |       |    12 |    12 ||    24
       Summon Lightning  |       |       |       |     2 ||     2
Invok: Heroism           |       |       |     1 |     3 ||     4
 Abil: Hop               |     2 |     2 |     2 |     2 ||     8
Evoke: Wand              |       |       |     4 |     5 ||     9
  Use: Scroll            |     3 |     4 |     8 |     4 ||    19
       Potion            |       |       |       |     1 ||     1
 Stab: Sleeping          |     1 |     5 |     1 |     1 ||     8
       Distracted        |       |     2 |     6 |     3 ||    11
       Paralysed         |       |       |    11 |       ||    11
Armor: Robe              |    12 |       |       |       ||    12
       Leather armour    |    28 |     2 |       |       ||    30
       Ring mail         |       |    53 |    65 |    60 ||   178
Dodge: Dodged            |    64 |    87 |    67 |    98 ||   316
Block: Buckler           |       |       |       |    38 ||    38

Table legend: (Time is in decaauts)
 A = Elapsed time spent in this place.
 B = Non-inter-level travel time spent in this place.
 C = Inter-level travel time spent in this place.
 D = Time resting spent in this place.
 E = Time spent auto-exploring this place.
 F = Levels seen in this place.
 G = Mean time per level.
                   A        B        C        D        E       F      G
               +--------+--------+--------+--------+--------+-----+--------+
         Total |  17029 |  16141 |    888 |   5034 |   8819 |  12 | 1419.1 |
       Dungeon |  16941 |  16054 |    887 |   5032 |   8752 |  11 | 1540.1 |
          Lair |     87 |     87 |      0 |      2 |     67 |   1 |   87.0 |
               +--------+--------+--------+--------+--------+-----+--------+

Top non-repeatable levels by time:
     D:8: 2375 daAuts
     D:4: 2231 daAuts
    D:10: 2074 daAuts
     D:9: 1962 daAuts
     D:7: 1788 daAuts
     D:3: 1678 daAuts
     D:1: 1356 daAuts
     D:6: 1282 daAuts
     D:5: 1151 daAuts
     D:2: 888 daAuts
    D:11: 152 daAuts
  Lair:1: 87 daAuts
